 Dungeon Crawl Stone Soup version 0.30.1-11-g7821555f0a (webtiles) character file.

Game seed: 5611431768252939332

14 flappity the Vexing (level 2, 0/15 (17) HPs)
             Began as a Kobold Hexslinger on Nov 16, 2023.
             Slain by a ball python (2 damage)
             ... on level 1 of the Dungeon.
             The game lasted 00:01:54 (353 turns).

flappity the Vexing (Kobold Hexslinger)              Turns: 353, Time: 00:01:55

HP:   0/15 (17)     AC:  2    Str:  7    XL:     2   Next: 60%
MP:   3/4           EV: 12    Int: 14    God:
Gold: 0             SH:  0    Dex: 15    Spells: 2/3 levels left

rFire   . . .        a - +1 sling
rCold   . . .        (no shield)
rNeg    . . .        c - +0 robe
rPois   .            (no helmet)
rElec   .            (no cloak)
rCorr   .            (no gloves)
SInv    .            (no boots)
Will    .....        (no amulet)
Stlth   ++           (no ring)
HPRegen 0.22/turn    (no ring)
MPRegen 0.09/turn

%: no passive effects
@: constricted, heavily drained
A: small, no large weapons, nightstalker 3
a: no special abilities


You were on level 1 of the Dungeon.
You visited 1 branch of the dungeon, and saw 1 of its levels.


Innate Abilities, Weirdness & Mutations

You are small and have problems with some larger weapons.
You are completely attuned to the shadows.


   Skills:
 * Level 1.7 Fighting
 + Level 3.0 Ranged Weapons
 + Level 2.6 Dodging
 + Level 1.3 Spellcasting
 + Level 3.1 Hexes


You had 2 spell levels left.
You knew the following spells:

 Your Spells              Type           Power      Damage    Failure   Level
s - Slow                  Hex            36%        N/A       7%          1

Your spell library contained the following spells:

 Spells                   Type           Power      Damage    Failure   Level
 Inner Flame              Hex/Fire       5%         N/A       38%         3
 Portal Projectile        Hex/Tloc       10%        N/A       38%         3
 Cause Fear               Hex            4%         N/A       56%         4

Inventory:

Hand Weapons
 a - a +1 sling (weapon)
Armour
 c - a +0 robe (worn)
Scrolls
 b - a scroll of poison
Potions
 d - a potion of curing {unknown}


Message History

You shoot a sling bullet. The sling bullet hits the ball python.
The ball python is severely wounded.
The ball python closely misses you. The ball python constricts you.
Fire: a) +1 sling
Press: ? - help, Q - select action Shift-Dir - straight line, f/p - ball python
Aim: a ball python (severely wounded, constricting you, 53% to hit)
You shoot a sling bullet.
The sling bullet barely misses the ball python.
The ball python completely misses you. The ball python constricts you.
The ball python bites you. The ball python constricts you.
Fire: a) +1 sling
Press: ? - help, Q - select action Shift-Dir - straight line, f/p - ball python
Aim: a ball python (moderately wounded, constricting you, 53% to hit)
You shoot a sling bullet.
The sling bullet completely misses the ball python.
The ball python barely misses you. The ball python constricts you.
The ball python barely misses you. The ball python constricts you.
Fire: a) +1 sling
Press: ? - help, Q - select action Shift-Dir - straight line, f/p - ball python
Aim: a ball python (moderately wounded, constricting you, 53% to hit)
You shoot a sling bullet. The sling bullet hits the ball python.
The ball python is severely wounded.
The ball python bites you but does no damage.
The ball python constricts you.
Fire: a) +1 sling
Press: ? - help, Q - select action Shift-Dir - straight line, p - ball python You shoot a sling bullet.
The ball python barely misses you. The ball python constricts you.
The ball python bites you but does no damage.
The ball python constricts you.
You take 8 damage.
Fire: a) +1 sling
Press: ? - help, Q - select action Shift-Dir - straight line You shoot a sling bullet.
A ball python comes into view.
The ball python barely misses you. The ball python constricts you.
The ball python bites you.
Fire: a) +1 sling
Press: ? - help, Q - select action Shift-Dir - straight line, f - ball python
Aim: a ball python (53% to hit)
You shoot a sling bullet.
The sling bullet completely misses the ball python.
The ball python bites you. The ball python constricts you.
The ball python completely misses you.
Fire: a) +1 sling
Press: ? - help, Q - select action Shift-Dir - straight line, p - ball python You shoot a sling bullet.
The ball python closely misses you. The ball python constricts you.
The ball python bites you.
You die... ∙∙▒▒ ▒>∙∙▒∙∙∙∙∙∙∙∙ ∙∙∙▒▒ ▒∙∙∙∙∙∙▒ 8∙∙∙▒■ ▒∙∙∙∙∙∙∙ ∙∙∙▒▒∙▒▒▒∙∙∙∙∙∙▒ ∙∙▒▒∙∙∙▒▒∙∙▒∙∙∙▒ ∙▒▒▒ '▒▒▒▒▒∙▒▒∙∙▒▒▒∙∙ ∙∙∙∙ ∙∙∙∙∙%∙∙∙∙∙(∙∙∙∙ ∙∙∙∙ ∙∙∙∙∙∙∙∙)∙∙∙∙∙∙▒▒S∙∙∙ ∙∙∙∙∙∙∙∙∙∙∙∙∙▒∙▒K∙∙∙▒ ∙∙∙▒∙∙∙∙∙∙∙∙∙∙∙∙∙S▒∙▒ ∙∙∙∙∙∙∙∙∙∙∙∙∙)∙∙∙∙∙∙∙

▒▒∙▒∙∙∙∙∙∙∙∙∙∙▒∙▒∙∙∙▒
▒▒∙▒▒▒∙∙∙∙∙∙∙▒▒∙▒∙∙∙∙
▒∙∙∙∙∙▒▒▒∙▒∙∙∙∙∙∙∙∙∙
▒▒∙∙[∙∙▒▒∙∙▒∙∙∙∙▒▒▒∙)
∙∙∙▒∙▒∙∙▒∙∙∙∙∙∙)∙∙∙∙∙
∙▒▒▒∙∙∙∙∙>∙∙▒▒∙∙∙∙∙∙∙


You could see 2 ball pythons.

Vanquished Creatures
  2 dart slugs (D:1)
  An endoplasm (D:1)
  A goblin (D:1)
  A hobgoblin (D:1)
  A ball python (D:1)
  2 bats (D:1)
  A frilled lizard (D:1)
  2 kobolds (D:1)
11 creatures vanquished.

Notes
Turn   | Place    | Note
-------+----------+-------------------------------------------
     0 | D:1      | flappity the Kobold Hexslinger began the quest for the Orb.
     0 | D:1      | Reached XP level 1. HP: 12/12 MP: 2/2
   142 | D:1      | Reached XP level 2. HP: 16/16 MP: 3/3
   289 | D:1      | Reached skill level 3 in Ranged Weapons
   352 | D:1      | HP: 3/15 [ball python (3)]
   353 | D:1      | Slain by a ball python

Levels and vault maps discovered:
D:1:      wander_arrival_desolate, layout_rooms, minmay_tree_intersection,
          nicolae_hexahallways

Action                     || total
---------------------------++-------
   Fire: Sling             ||    39
   Cast: Slow              ||     7
 Armour: Robe              ||     4
  Dodge: Dodged            ||    26
